 Dungeon Crawl Stone Soup version 0.30.1-11-g7821555f0a (webtiles) character file.

Game seed: 12416495870044765825

114 monsoonserge the Magician (level 5, 0/35 HPs)
             Began as a Djinni Venom Mage on Dec 16, 2023.
             Slain by an orc priest
             ... wielding a +0 hand axe
              (3 damage)
             ... on level 3 of the Dungeon.
             The game lasted 00:04:39 (1680 turns).

monsoonserge the Magician (Djinni Venom Mage)       Turns: 1680, Time: 00:04:39

Health: 0/35       AC:  3    Str:  7    XL:     5   Next: 19%
Gold:   87         EV: 11    Int: 18    God:
                   SH:  0    Dex: 14

rFire   + + .        n - +3 dagger
rCold   x . .        (no shield)
rNeg    + . .        i - +0 leather armour
rPois   ∞            (no helmet)
rElec   .            (no cloak)
rCorr   .            (no gloves)
SInv    .            (boots unavailable)
Will    .....        (no amulet)
Stlth   ++           h - ring of positive energy
HPRegen 0.25/turn    (no ring)
MPRegen 0.00/turn

%: infuse magic (-1 HP)
@: flying
A: sickness immunity, fire resistance 2, cold vulnerability 1, float, innate
caster, HP casting, extra vitality 1
a: no special abilities


You were on level 3 of the Dungeon.
You visited 1 branch of the dungeon, and saw 3 of its levels.

You collected 87 gold pieces.

Inventory:

Hand Weapons
 n - a +3 dagger (weapon)
Armour
 a - a +0 robe
 i - a +0 leather armour (worn)
Jewellery
 h - a ring of positive energy (left hand)
Wands
 l - a wand of digging (3)
Scrolls
 b - a scroll of acquirement {unknown}
 f - a scroll of vulnerability {unknown}
 k - a scroll of enchant armour {unknown}
 m - a scroll of immolation {unknown}
Potions
 c - a potion of degeneration {unknown}
 d - a potion of resistance {unknown}
 g - a potion of flight {unknown}
 j - a potion of magic {unknown}


   Skills:
 + Level 0.1 Armour
 + Level 2.4 Dodging
 + Level 1.8 Stealth
 * Level 4.1 Spellcasting


You knew the following spells:

 Your Spells              Type           Power      Damage    Failure   Level
a - Sting                 Tmut/Pois      72%        1d6       4%          1
b - Poisonous Vapours     Pois/Air       36%        N/A       6%          2
c - Mephitic Cloud        Conj/Pois/Air  18%        N/A       12%         3
d - Olgreb's Toxic Radia  Pois           18%        N/A       36%         4
e - Beastly Appendage     Tmut           36%        N/A       4%          1
f - Wereblood             Tmut           18%        N/A       6%          2
Your spell library was empty.

Dungeon Overview and Level Annotations

Branches:
Dungeon (3/15)

Altars:


Innate Abilities, Weirdness & Mutations

You are immune to sickness and miasma.
You are immune to poison.
Your flesh is very heat resistant. (rF++)
You are vulnerable to cold. (rC-)
You float through the air rather than walking.
You learn spells naturally, not from books.
Your magical power is your life essence.
You have superior vitality. (+4 MHP)


Message History

Confirm with . or Enter, or press ? or * to list all spells.
Aiming: Sting (safe; 4% risk of failure)
Press: ? - help, Shift-Dir - straight line, f/p - kobold
Aim: a kobold, wielding a +0 whip (severely wounded, poisoned, 67% to hit)
The sting hits the kobold.
The kobold looks even sicker.
You kill the kobold!
* * * LOW HITPOINT WARNING * * *
Unknown command.
Casting: Sting (safe; 4% risk of failure)
Confirm with . or Enter, or press ? or * to list all spells.
Aiming: Poisonous Vapours (safe; 6% risk of failure)
Press: ? - help, Dir - move target, f - orc priest
Aim: an orc priest, wielding a +0 hand axe (severely wounded) Poisonous vapours surround the orc priest!
The orc priest is poisoned.
* * * LOW HITPOINT WARNING * * *
The orc hits you with a +0 whip.
* * * LOW HITPOINT WARNING * * *
Casting: Poisonous Vapours (safe; 6% risk of failure)
Confirm with . or Enter, or press ? or * to list all spells.
Aiming: Sting (safe; 4% risk of failure)
Press: ? - help, Shift-Dir - straight line, f - orc
Aim: an orc, wielding a +0 whip, wearing a +0 leather armour and quivering boomerangs (heavily wounded, 74% to hit)
The sting hits the orc.
The orc is poisoned.
The orc is severely wounded.
* * * LOW HITPOINT WARNING * * *
Press: ? - help, v - describe, . - travel
Here: an orc priest, wielding a +0 hand axe (severely wounded, poisoned)
An open door.
Casting: Sting (safe; 4% risk of failure)
Confirm with . or Enter, or press ? or * to list all spells.
Aiming: Sting (safe; 4% risk of failure)
Press: ? - help, Shift-Dir - straight line, f - orc priest, p - orc
Aim: an orc priest, wielding a +0 hand axe (severely wounded, poisoned, 74% to hit)
The sting hits the orc priest.
The orc priest looks even sicker.
The orc priest is almost dead.
* * * LOW HITPOINT WARNING * * *
The orc barely misses you.
The orc priest hits you with a +0 hand axe.
You die...

##### ##._.##
## #.8$8.# .#
#...$$# ..#
#$8.8.#...#.
#..)##.....
##o##....#
#@o......#
#.#.#....#
...#.# .#.##
.######.# ...#
......>.##.....
.######........
#.##.#.<#
#....# #)#..#


You could see an orc priest (very poisoned) and an orc (poisoned).

Vanquished Creatures
  An orc priest (D:3)
  3 adders (D:2)
  3 dart slugs
  An orc (D:3)
  5 ball pythons
  3 endoplasms
  2 giant cockroaches
  4 goblins
  2 hobgoblins (D:1)
  5 jackals (D:2)
  3 quokkas
  3 bats
  13 frilled lizards
  3 kobolds
  4 rats
55 creatures vanquished.

Notes
Turn   | Place    | Note
-------+----------+-------------------------------------------
     0 | D:1      | monsoonserge the Djinni Venom Mage began the quest for the
                  | Orb.
     0 | D:1      | monsoonserge set off with the following spells memorised:
                  | Sting, Poisonous Vapours, Mephitic Cloud, Olgreb's Toxic
                  | Radiance.
     0 | D:1      | Reached XP level 1. HP: 15/15 MP: 0/0
   135 | D:1      | Reached XP level 2. HP: 20/21 MP: 0/0
   453 | D:1      | Reached skill level 3 in Spellcasting
   467 | D:1      | Reached XP level 3. HP: 18/25 MP: 0/0
   467 | D:1      | Learned a level 1 spell: Beastly Appendage
   872 | D:2      | Reached XP level 4. HP: 25/31 MP: 0/0
  1670 | D:3      | Reached skill level 4 in Spellcasting
  1670 | D:3      | Reached XP level 5. HP: 30/35 MP: 0/0
  1670 | D:3      | Learned a level 2 spell: Wereblood
  1680 | D:3      | Slain by an orc priest

Illustrated notes

Levels and vault maps discovered:
D:1:      giann_forest_graveyard, layout_basic, minmay_lizard_king
D:2:      layout_loops_ring, kennysheep_potato
D:3:      layout_loops_ring, kennysheep_orc_chapel

Skill      XL: |  1  2  3  4 |
---------------+-------------+-----
Spellcasting   | 3 4 |  4.1
Armour         | |  0.1
Dodging        | |  2.4
Stealth        | |  1.8

Action                     |  1- 3 |  4- 6 || total
---------------------------+-------+-------++-------
  Melee: Unarmed           |     1 |       ||     1
         Short sword       |     5 |     6 ||    11
         Dagger            |       |     1 ||     1
   Cast: Sting             |    56 |    45 ||   101
         Poisonous Vapours |     2 |     2 ||     4
         Mephitic Cloud    |       |     1 ||     1
   Stab: Sleeping          |       |     2 ||     2
 Armour: Robe              |     2 |       ||     2
         Leather armour    |       |     7 ||     7
  Dodge: Dodged            |    17 |    17 ||    34
